 Dungeon Crawl Stone Soup version 0.28.0 (webtiles) character file.

Game seed: 7970352108314486479

51 crazypyro the Chopper (level 3, 0/35 HPs)
             Began as an Ogre Wanderer on Feb 16, 2022.
             Succumbed to an adder's poison
             ... on level 2 of the Dungeon.
             The game lasted 00:01:49 (1560 turns).

crazypyro the Chopper (Ogre Wanderer)               Turns: 1560, Time: 00:01:50

Health: 0/35       AC:  3    Str: 16 (17) XL:     3   Next: 81%
Magic:  2/6        EV:  9    Int: 14 (16) God:
Gold:   58         SH:  0    Dex:  4 (6)  Spells: 5/6 levels left

rFire   . . .      SeeInvis .   a - +2 hand axe
rCold   . . .      Faith    .   (no shield)
rNeg    . . .      Spirit   .   d - +0 robe
rPois   .          Reflect  .   (helmet restricted)
rElec   .          Harm     .   (no cloak)
rCorr   .          Rampage  .   (gloves unavailable)
Will    .....                   (boots unavailable)
Stlth   +.........              (no amulet)
HPRegen 0.11/turn               (no ring)
MPRegen 0.10/turn               (no ring)

@: mighty, lethally poisoned (0 -> -8), very slightly contaminated
A: large, unfitting armour, tough skin 1
a: no special abilities


You were on level 2 of the Dungeon.
You visited 1 branch of the dungeon, and saw 2 of its levels.

You collected 58 gold pieces.

Inventory:

Hand Weapons
 a - a +2 hand axe (weapon)
 c - a +0 dagger
Missiles
 b - 14 poisoned darts
Armour
 d - a +0 robe (worn)
Scrolls
 e - 2 scrolls of identify {unknown}
 h - a scroll of immolation {unknown}
Potions
 g - a potion of might


   Skills:
 + Level 2.2 Fighting
 + Level 2.6 Axes
 - Level 2.0 Throwing
 + Level 2.1 Spellcasting
 - Level 2.0 Conjurations
 + Level 1.2 Fire Magic
 - Level 1.5 Evocations


You had 5 spell levels left.
You knew the following spells:

 Your Spells              Type           Power      Damage    Failure   Level
a - Foxfire               Conj/Fire      24%        2x1d5     12%         1

Your spell library contained the following spells:

 Spells                   Type           Power      Damage    Failure   Level
 Dazzling Flash           Conj/Hex       8%         N/A       43%         3


Dungeon Overview and Level Annotations

Branches:
Dungeon (2/15)

Altars:


Innate Abilities, Weirdness & Mutations

You are too large for most types of armour.
You have tough skin. (AC +1)


Message History

The foxfire hits the adder.
The adder is heavily wounded.
The adder bites you but does no damage.
Casting: Foxfire (safe; 11% risk of failure)
Confirm with . or Enter, or press ? or * to list all spells.
You conjure some foxfire!
The foxfire hits the adder.
The adder is severely wounded.
Your magical contamination has completely faded away.
The foxfire hits the adder.
The adder is almost dead.
The adder barely misses you.
Casting: Foxfire (safe; 11% risk of failure)
Confirm with . or Enter, or press ? or * to list all spells.
You miscast Foxfire.
You are very lightly contaminated with residual magic.
Nothing appears to happen.
The adder barely misses you. The adder closely misses you. The adder bites you.
Casting: Foxfire (safe; 11% risk of failure)
Confirm with . or Enter, or press ? or * to list all spells.
You conjure some foxfire!
The adder bites you. x2
You are poisoned.
The adder poisons you! The adder bites you.
* * * LOW HITPOINT WARNING * * *
You feel sick.
The foxfire hits the adder.
The adder is moderately wounded.
The foxfire hits the adder.
The adder is severely wounded.
The adder bites you.
* * * LOW HITPOINT WARNING * * *
You are more poisoned.
The adder poisons you!
It was a potion of might.
You feel very mighty all of a sudden.
* * * LOW HITPOINT WARNING * * *
You feel sick. The adder bites you but does no damage.
The adder closely misses you.
It was a potion of degeneration.
There was something very wrong with that liquid.
You feel weakened.
You feel dopey.
You feel clumsy.
You die...

........###'######
###.##.###.<.....#
###....###.......#.# .# ...
.....#...........#.. .# ....
.....+...........##. .##...
.....#...........##.##....###
######..........># ..#.......
.................# #.#.......
................@###.#.......
......####......SS.......$...
......# #......r.###..#.....
......# #........# #..# ..$
##+#######........# #..# .
................... #..#
#..#######.........##..#
#......##########..##..#
#...#..#..# #.....>#


You could see 2 adders and a rat.

Vanquished Creatures
  A gnoll (D:1)
  A worm (D:2)
  3 dart slugs (D:1)
  4 ball pythons
  6 endoplasms
  A giant cockroach (D:1)
  2 hobgoblins (D:1)
  3 jackals (D:2)
  2 frilled lizards (D:1)
  A goblin (D:2)
  2 kobolds (D:1)
  6 rats
32 creatures vanquished.

Vanquished Creatures (others)
  35 foxfires
35 creatures vanquished.

Grand Total: 67 creatures vanquished

Notes
Turn   | Place    | Note
-------+----------+-------------------------------------------
     0 | D:1      | crazypyro the Ogre Wanderer began the quest for the Orb.
     0 | D:1      | crazypyro set off with the following items: a +2 hand axe,
                  | 14 poisoned darts, a +0 dagger, a +0 robe; and the
                  | following spell memorised: Foxfire; and the following
                  | spells available to memorise: Dazzling Flash
     0 | D:1      | Reached XP level 1. HP: 19/19 MP: 2/2
   290 | D:1      | Reached XP level 2. HP: 27/27 MP: 4/4
   407 | D:1      | Reached skill level 1 in Fire Magic
   407 | D:1      | Reached XP level 3. HP: 27/35 MP: 2/5
   823 | D:1      | Found a faded altar of an unknown god.
  1560 | D:2      | Succumbed to an adder's poison

Illustrated notes

Levels and vault maps discovered:
D:1:      noname_arrival_rooms_in_the_neighbourhood, layout_loops_cross,
          shapermc_ecumenical_altar_ellora
D:2:      layout_basic

Skill      XL: |  1  2  3 |
---------------+----------+-----
Conjurations   | 2 |  2.0
Fire Magic     | 1 |  1.2
Fighting       | 2 |  2.2
Spellcasting   | 2 |  2.1
Axes           | |  2.6
Throwing       | |  2.0
Evocations     | |  1.5

Action                   || total
-------------------------++-------
Melee: Hand axe          ||    63
 Cast: Foxfire           ||    24
  Use: Potion            ||     2
 Stab: Sleeping          ||     1
Armor: Robe              ||    19
Dodge: Dodged            ||    38
